 Dungeon Crawl Stone Soup version 0.28-a0-938-gbc3f381ebc (webtiles) character file.

Game seed: 11739146444640138118

9684 tkbsonic5 the Skirmisher (level 11, 0/92 HPs)
             Began as a Demigod Fighter on Nov 30, 2021.
             Succumbed to a cane toad's poison
             ... on level 1 of the Lair of Beasts on Dec 1, 2021.
             The game lasted 00:53:06 (14168 turns).

tkbsonic5 the Skirmisher (Demigod Fighter)         Turns: 14168, Time: 00:53:07

Health: 0/92       AC:  9    Str: 19    XL:     11   Next: 6%
Magic:  5/20       EV: 21    Int: 14    God:
Gold:   572        SH:  0    Dex: 17    Spells: 10/17 levels left

rFire   . . .      SeeInvis .   a - +0 rapier (freeze) {Princess' Rapier}
rCold   . . .      Faith    .   (no shield)
rNeg    . . .      Spirit   +   F - +0 ring mail
rPois   .          Reflect  .   (no helmet)
rElec   .          Harm     .   E - +1 cloak
rCorr   .          Rampage  .   (no gloves)
Will    +....                   (no boots)
Stlth   +.........              j - amulet of guardian spirit
HPRegen 0.25/turn               p - +4 ring of evasion
MPRegen 0.17/turn               n - +4 ring of evasion

@: lethally poisoned (0 -> -5)
A: high mp 1, forlorn, hooves 1, weak 1
a: no special abilities


You were on level 1 of the Lair of Beasts.
You visited 2 branches of the dungeon, and saw 11 of its levels.

You collected 572 gold pieces.

Inventory:

Hand Weapons
 a - a +0 rapier of freezing (weapon) {Princess' Rapier}
 w - a +0 shortbow
 H - a +2 dagger of holy wrath
Missiles
 o - 8 poisoned darts (quivered)
 u - 5 datura-tipped darts
 D - 10 arrows
 S - 22 bolts
Armour
 b - a +0 scale mail
 m - a +0 plate armour
 v - +0 steam dragon scales
 E - a +1 cloak (worn)
 F - a +0 ring mail (worn)
 G - a +0 robe
 L - +0 acid dragon scales
 Q - a +0 leather armour
Jewellery
 i - a ring of positive energy
 j - an amulet of guardian spirit (around neck)
 n - a +4 ring of evasion (right hand)
 p - a +4 ring of evasion (left hand)
 x - a ring of flight
 y - a ring of willpower
 I - a ring of fire
 J - a +4 ring of evasion
Wands
 c - a wand of acid (7)
 d - a wand of polymorph (5)
 e - a wand of digging (10)
 s - a wand of paralysis (2)
 R - a wand of charming (8)
Scrolls
 f - a scroll of magic mapping
 q - a scroll of immolation
 z - a scroll of fear {unknown}
 B - 5 scrolls of amnesia
 C - 3 scrolls of identify
 M - a scroll of torment {unknown}
Potions
 g - 3 potions of flight
 r - 2 potions of curing {unknown}
 N - a potion of ambrosia


   Skills:
 * Level 7.6 Fighting
 * Level 6.0 Short Blades
 - Level 3.3 Polearms
 + Level 3.4 Bows
 - Level 1.6 Throwing
 * Level 7.5 Armour
 + Level 5.2 Dodging
 - Level 3.2 Shields
 * Level 3.6 Spellcasting
 + Level 3.4 Conjurations
 + Level 0.6 Summonings
 + Level 3.4 Air Magic
 + Level 0.7 Earth Magic
 + Level 3.2 Poison Magic
 + Level 2.5 Evocations


You had 10 spell levels left.
You knew the following spells:

 Your Spells              Type           Power      Damage    Failure   Level
a - Mephitic Cloud        Conj/Pois/Air  11%        N/A       24%         3
b - Magic Dart            Conj           48%        1d5       8%          1
c - Sandblast             Erth           8%         2d5       24%         1
d - Call Imp              Summ           4%         N/A       36%         2

Your spell library contained the following spells:

 Spells                   Type           Power      Damage    Failure   Level
 Summon Small Mammal      Summ           16%        N/A       26%         1
 Passwall                 Tmut/Erth      2%         N/A       38%         2
 Stone Arrow              Conj/Erth      16%        3d8       38%         3
 Call Canine Familiar     Summ           4%         N/A       58%         3
 Airstrike                Air            6%         N/A       61%         4
 Summon Guardian Golem    Hex/Summ       3%         N/A       65%         3
 Summon Lightning Spire   Summ/Air       8%         N/A       80%         4
 Fulminant Prism          Conj/Hex       3%         3d6       85%         4
 Iskenderun's Mystic Bla  Conj/Tloc      7%         2d4       85%         4
 Lightning Bolt           Conj/Air       6%         1d18      91%         5
 Animate Armour           Summ/Erth      8%         N/A       94%         4
 Lee's Rapid Deconstruct  Erth           2%         3d5*      100%        5
 Storm Form               Tmut/Air       3%         N/A       100%        7
 Lehudib's Crystal Spear  Conj/Erth      4%         10d3      100%        8
 Maxwell's Capacitive Co  Air            6%         ∞         100%        8


Dungeon Overview and Level Annotations

Branches:
Dungeon (10/15)            Temple (0/1) D:7            Lair (1/6) D:10
    Orc: D:9-12

Portals:
Abyss: D:3

Annotations:
D:3 2 transporters, a11behringer's ghost, amateur FoAM


Innate Abilities, Weirdness & Mutations

Your attributes grow dramatically as you level up.
You have an increased reservoir of magic. (+10% MP)
You shall have no god before yourself.
You have large cloven feet.
You are weak. (Str -2)


Message History

The cane toad misses you. The cane toad closely misses you. x2
The cane toad barely misses you.
You puncture the cane toad!
The cane toad seems to slow down.
You freeze the cane toad. Your kick misses the cane toad.
The cane toad is moderately wounded.
The cane toad misses you.
You completely miss the cane toad. You kick the cane toad.
The cane toad is moderately wounded.
The cane toad closely misses you.
You puncture the cane toad! You freeze the cane toad.
The cane toad is heavily wounded.
The cane toad barely misses you.
You closely miss the cane toad.
The cane toad is heavily wounded.
You closely miss the cane toad. You kick the cane toad.
The cane toad is heavily wounded.
The cane toad is no longer moving slowly.
The cane toad closely misses you.
You hit the cane toad. You freeze the cane toad.
You kick the cane toad, but do no damage.
The cane toad is severely wounded.
The cane toad stings you.
* * * LOW HITPOINT WARNING * * *
You are lethally poisoned!
The cane toad poisons you!
You hit the cane toad but do no damage. You kick the cane toad.
The cane toad is severely wounded.
* * * LOW HITPOINT WARNING * * *
You feel very sick. The cane toad misses you.
You puncture the cane toad!
The cane toad seems to slow down.
You freeze the cane toad.
You kill the cane toad!
* * * LOW HITPOINT WARNING * * *
You feel sick.
* * * LOW HITPOINT WARNING * * *
You feel sick.
You see here a cane toad corpse.
You die...

#+.#
#.............
#............
#...........
+...........
#...........
#....).......
#...........
#..†@.......
###+.#.#..## #
# #.......# #
#.#..#...### #
##........).#
###
#.....†.....#
##..
##..>.......#
##...
#..........##
##....
#?..........#
#..#..


There were no monsters in sight!

Vanquished Creatures
  2 two-headed ogres (D:9)
  Pikel (D:7)
  Joseph (D:8)
  An eye of devastation (D:10)
  2 cane toads (Lair:1)
  Maggie (D:7)
  A komodo dragon (Lair:1)
  A troll (D:10)
  A hornet (D:7)
  4 yaks (D:8)
  A steam dragon (D:8)
  An acid dragon (D:10)
  3 water moccasins (D:7)
  2 orc warriors
  2 black bears
  A sky beast (D:7)
  A hornet zombie (D:8)
  3 ogres
  3 necrophages
  2 wolves (D:10)
  2 centaurs
  2 lemures (D:8)
  3 bullfrogs
  A gnoll sergeant (D:8)
  3 scorpions
  2 water moccasin skeletons
  12 killer bees (D:9)
  An electric eel (D:10)
  5 howler monkeys
  14 hounds
  7 centaur zombies
  3 jellies
  4 orc priests
  A gnoll shaman (D:8)
  Jessica (D:2)
  2 iguanas
  A scorpion zombie (D:5)
  2 orc wizards (D:6)
  A hound skeleton (D:4)
  Robin (D:2)
  A howler monkey zombie (D:9)
  13 gnolls
  A howler monkey skeleton (D:4)
  7 adders
  2 white imps
  3 ufetubi
  A worm (D:2)
  A dart slug (D:3)
  25 orcs
  7 bats
  8 endoplasms
  16 giant cockroaches
  12 goblins
  4 hobgoblins
  7 jackals
  3 quokkas
  7 ball pythons
  3 frilled lizards (D:3)
  10 kobolds
  A quokka skeleton (D:4)
  8 rats
242 creatures vanquished.

Vanquished Creatures (collateral kills)
  An ogre (D:7)
  An orc priest (D:7)
2 creatures vanquished.

Vanquished Creatures (others)
  Dowan (D:7)
  A plant (Lair:1)
2 creatures vanquished.

Grand Total: 246 creatures vanquished

Notes
Turn   | Place    | Note
-------+----------+-------------------------------------------
     0 | D:1      | tkbsonic5 the Demigod Fighter began the quest for the Orb.
     0 | D:1      | Reached XP level 1. HP: 18/18 MP: 3/3
   289 | D:1      | Reached XP level 2. HP: 25/25 MP: 4/4
   915 | D:1      | Reached skill level 1 in Dodging
  1001 | D:2      | Reached XP level 3. HP: 26/31 MP: 5/5
  1583 | D:2      | Noticed Jessica
  1588 | D:2      | Killed Jessica
  1589 | D:2      | Reached XP level 4. HP: 31/38 MP: 6/6
  2165 | D:2      | Noticed Robin
  2178 | D:2      | Killed Robin
  2711 | D:3      | Found a one-way gate to the infinite horrors of the Abyss.
  2711 | D:3      | Noticed a11behringer's ghost (amateur FoAM)
  2736 | D:3      | Learned a level 3 spell: Mephitic Cloud
  2772 | D:3      | Reached XP level 5. HP: 27/45 MP: 6/8
  3215 | D:3      | Noticed a small abomination
  3347 | D:3      | Found a transporter.
  3355 | D:3      | Found a transporter.
  4186 | D:4      | Reached XP level 6. HP: 49/52 MP: 9/9
  4281 | D:4      | Reached skill level 1 in Throwing
  4387 | D:4      | Reached skill level 1 in Air Magic
  5234 | D:5      | Entered Level 5 of the Dungeon
  5249 | D:5      | Reached skill level 1 in Spellcasting
  5249 | D:5      | Reached skill level 1 in Conjurations
  5249 | D:5      | Reached skill level 1 in Poison Magic
  5299 | D:5      | Reached XP level 7. HP: 59/59 MP: 11/11
  5342 | D:5      | Reached skill level 1 in Evocations
  6259 | D:6      | Learned a level 1 spell: Magic Dart
  6261 | D:6      | Learned a level 1 spell: Sandblast
  6264 | D:6      | Learned a level 2 spell: Call Imp
  6684 | D:6      | Reached XP level 8. HP: 44/67 MP: 13/13
  6885 | D:6      | Reached skill level 5 in Fighting
  7362 | D:6      | Reached skill level 5 in Armour
  7921 | D:7      | Reached skill level 5 in Short Blades
  8128 | D:7      | Reached XP level 9. HP: 31/75 MP: 16/16
  8482 | D:7      | Paralysed by a hornet for 2 turns
  8775 | D:7      | Noticed Duvessa
  8775 | D:7      | Noticed Dowan
  8780 | D:7      | Killed Dowan
  8787 | D:7      | Noticed Duvessa
  8787 | D:7      | Duvessa changed into Duvessa the scorpion
  8798 | D:7      | Killed Duvessa the scorpion
  8808 | D:7      | Found a staircase to the Ecumenical Temple.
  9404 | D:7      | Noticed Maggie
  9435 | D:7      | Killed Maggie
 10141 | D:8      | Noticed Pikel
 10169 | D:7      | Killed Pikel
 11519 | D:8      | Reached skill level 1 in Polearms
 11528 | D:8      | Reached skill level 1 in Bows
 11532 | D:8      | Reached XP level 10. HP: 41/84 MP: 10/18
 11907 | D:8      | Noticed Joseph
 11918 | D:8      | Killed Joseph
 12610 | D:9      | Noticed a two-headed ogre
 12625 | D:9      | Killed a two-headed ogre
 12824 | D:9      | Gained mutation: You are weak. (Str -2) [potion of
                  | mutation]
 12824 | D:9      | Gained mutation: You have large cloven feet. [potion of
                  | mutation]
 12891 | D:9      | Reached skill level 5 in Dodging
 13080 | D:9      | Noticed a two-headed ogre
 13087 | D:9      | Killed a two-headed ogre
 13251 | D:10     | Entered Level 10 of the Dungeon
 13251 | D:10     | Noticed a manticore
 13257 | D:10     | a manticore changed into a floating eye
 13258 | D:10     | Noticed a moth of wrath
 13258 | D:10     | a floating eye changed into a moth of wrath
 13259 | D:10     | Noticed an eye of devastation
 13259 | D:10     | a moth of wrath changed into an eye of devastation
 13265 | D:10     | Killed an eye of devastation
 13796 | D:10     | Found a staircase to the Lair.
 13807 | Lair:1   | Entered Level 1 of the Lair of Beasts
 14139 | Lair:1   | Reached XP level 11. HP: 58/92 MP: 12/19
 14166 | Lair:1   | HP: 4/92 [poisoned by a cane toad]
 14168 | Lair:1   | Succumbed to a cane toad's poison

Illustrated notes

Levels and vault maps discovered:
D:1:      ncdulo_watergridlock, layout_basic,
          hellmonk_ecumenical_altar_heavens_door, minmay_bisected
D:2:      minmay_roachtagon, layout_loops_ring, basic_altar, uniq_jessica,
          uniq_robin
D:3:      layout_basic, gammafunk_ghost_abyssal_escape, serial_rivers,
          chequers_serial_rivers_micro_d, chequers_serial_rivers_room_a,
          chequers_serial_rivers_room_a, chequers_serial_rivers_marsh,
          kennysheep_cross_bottleneck, kennysheep_small_spiral
D:4:      layout_rooms, serial_rivers, chequers_serial_rivers_small_b,
          chequers_serial_rivers_room_b, chequers_serial_rivers_room_b,
          chequers_serial_rivers_micro_e, chequers_serial_rivers_small_a,
          chequers_serial_rivers_large_a, minmay_starry_boxes
D:5:      layout_basic, mainiacjoe_overflow_tiny_flanked, chequers_garden
D:6:      layout_loops_ring, uniq_crazy_yiuf_cottage
D:7:      layout_loops_ring, minmay_temple_entry_arrows,
          minmay_misc_feat_ornament, grunt_ministairs_10, uniq_duvessa,
          uniq_maggie
D:8:      layout_gridville, uniq_pikel, uniq_joseph
D:9:      layout_irregular_city, nicolae_straight_to_the_point
D:10:     layout_roguey, erik_lair_island, orc_0_dummy, minivault_10,
          hangedman_abyss_or_decor_lesser_grid,
          hellmonk_guarded_unrand_dark_maul, uniq_grum
Lair:1:   layout_roguey, grunt_megastairs_3

Skill      XL: |  1  2  3  4  5  6  7  8  9 10 |
---------------+-------------------------------+-----
Short Blades   | 2 3 5 6 |  6.0
Armour         | 3 4 5 6 7 |  7.5
Fighting       | 3 4 5 6 7 |  7.6
Dodging        | 1 2 3 4 5 |  5.2
Throwing       | 1 |  1.6
Air Magic      | 1 2 3 |  3.4
Shields        | 3 |  3.2
Spellcasting   | 1 2 3 |  3.6
Conjurations   | 1 2 3 |  3.4
Poison Magic   | 1 2 3 |  3.2
Evocations     | 1 2 |  2.5
Polearms       | 1 3 |  3.3
Bows           | 1 3 |  3.4
Summonings     | |  0.6
Earth Magic    | |  0.7

Action                   |  1- 3 |  4- 6 |  7- 9 | 10-12 || total
-------------------------+-------+-------+-------+-------++-------
Melee: Rapier            |   124 |   287 |   485 |    77 ||   973
       Dagger            |       |    16 |       |       ||    16
       Halberd           |       |       |    73 |   117 ||   190
       Mace              |       |       |     9 |       ||     9
       Kick              |       |       |       |    51 ||    51
 Fire: Shortbow          |       |       |       |    15 ||    15
Throw: Boomerang         |       |    35 |    18 |    11 ||    64
       Dart              |       |       |    67 |     6 ||    73
       Throwing net      |       |       |     2 |       ||     2
 Cast: Magic Dart        |       |       |     5 |       ||     5
       Mephitic Cloud    |       |       |       |     1 ||     1
Evoke: Wand              |       |       |     5 |    17 ||    22
  Use: Scroll            |     4 |     1 |    11 |     2 ||    18
       Potion            |     2 |     1 |     8 |     3 ||    14
 Stab: Invisible         |       |       |     5 |     6 ||    11
       Paralysed         |       |       |     1 |     1 ||     2
Armor: Scale mail        |    58 |    18 |       |       ||    76
       Plate armour      |       |    98 |   268 |    95 ||   461
       Ring mail         |       |       |    18 |     6 ||    24
       Skin              |       |       |       |     2 ||     2
Dodge: Dodged            |    50 |   133 |   504 |   241 ||   928
Block: Buckler           |    31 |    55 |     9 |       ||    95

Table legend: (Time is in decaauts)
 A = Elapsed time spent in this place.
 B = Non-inter-level travel time spent in this place.
 C = Inter-level travel time spent in this place.
 D = Time resting spent in this place.
 E = Time spent auto-exploring this place.
 F = Levels seen in this place.
 G = Mean time per level.
                   A        B        C        D        E       F      G
               +--------+--------+--------+--------+--------+-----+--------+
         Total |  14272 |  14041 |    231 |   3476 |   7586 |  11 | 1297.5 |
       Dungeon |  13916 |  13685 |    231 |   3476 |   7301 |  10 | 1391.6 |
          Lair |    356 |    356 |      0 |      0 |    285 |   1 |  356.0 |
               +--------+--------+--------+--------+--------+-----+--------+

Top non-repeatable levels by time:
     D:7: 2844 daAuts
     D:2: 1548 daAuts
     D:6: 1524 daAuts
     D:8: 1500 daAuts
     D:4: 1468 daAuts
     D:3: 1284 daAuts
     D:9: 1216 daAuts
     D:5: 988 daAuts
     D:1: 975 daAuts
    D:10: 565 daAuts
  Lair:1: 356 daAuts
